 Dungeon Crawl Stone Soup version 0.21-a0-91-ga5031da (webtiles) character file.

8267 Duffy the Destroyer (level 11, -3/54 HPs)
             Began as a Deep Elf Fire Elementalist on June 28, 2017.
             Was a Believer of Vehumet.
             Slain by a two-headed ogre
             ... wielding a +0 giant club
              (5 damage)
             ... on level 8 of the Dungeon.
             The game lasted 00:15:07 (12086 turns).

Duffy the Destroyer (Deep Elf Fire Elementalist)   Turns: 12086, Time: 00:15:08

Health: -3/54      AC:  6    Str:  5    XL:     11   Next: 7%
Magic:  16/29      EV: 13    Int: 29    God:    Vehumet [**....]
Gold:   237        SH:  0    Dex: 18    Spells: 21/34 levels left

rFire    + + .     SeeInvis +   U - +1 flail "Gis Gyi" {flame, Fragile rF+ Int+5}
rCold    x . .     Gourm    .   (no shield)
rNeg     . . .     Faith    .   S - +0 steam dragon scales
rPois    .         Spirit   .   Q - +0 hat {SInv}
rElec    .         Reflect  .   (no cloak)
rCorr    .         Harm     .   (no gloves)
MR       +....                  j - +0 pair of boots (curse)
Stlth    ++........             (no amulet)
HPRegen  0.18/turn              t - +3 ring of dexterity (curse)
MPRegen  0.21/turn              H - ring of fire

@: no status effects
A: blurry vision 2, screaming 1
a: Renounce Religion


You were on level 8 of the Dungeon.
You worshipped Vehumet.
Vehumet was pleased with you.
You were hungry.

You visited 2 branches of the dungeon, and saw 10 of its levels.

You collected 423 gold pieces.
You spent 186 gold pieces at shops.

Inventory:

Hand Weapons
 o - a +1 mace of holy wrath
 D - the +7 mace of Hithreg {pain, rC++ MR- MP+9 Int+4}
   (You found it on level 5 of the Dungeon)

   In the hands of one skilled in necromantic magic, it inflicts extra damage on
   living creatures.
   It affects your intelligence (+4).
   It greatly protects you from cold.
   It affects your resistance to hostile enchantments.
   It affects your magic capacity (+9).
 R - a +0 blowgun
 U - the +1 flail "Gis Gyi" (weapon) {flame, Fragile rF+ Int+5}
   (You took it off a kobold on level 9 of the Dungeon)

   It has been specially enchanted to burn those struck by it, causing extra
   injury to most foes and up to half again as much damage against particularly
   susceptible opponents.
   It affects your intelligence (+5).
   It protects you from fire.
   It will be destroyed if unequipped.
Missiles
 C - 6 curare-tipped needles
 T - a throwing net (quivered)
Armour
 j - a cursed +0 pair of boots (worn)
 p - a +0 animal skin
 q - a +0 helmet
 Q - a +0 hat of see invisible (worn)
 S - +0 steam dragon scales (worn)
Jewellery
 r - an uncursed ring of stealth
 t - a cursed +3 ring of dexterity (left hand)
 y - an uncursed ring of resist corrosion
 H - a ring of fire (right hand)
Wands
 G - a wand of iceblast (10/15)
 I - a wand of random effects (22/48)
 K - a wand of disintegration (9/24)
 N - a wand of iceblast (9/15)
Scrolls
 d - 4 scrolls of random uselessness {unknown}
 f - 12 scrolls of identify
 g - 4 scrolls of teleportation
 i - a scroll of magic mapping {unknown}
 l - a scroll of immolation {unknown}
 n - 3 scrolls of enchant weapon {unknown}
 s - 7 scrolls of remove curse {unknown}
 x - a scroll of amnesia {unknown}
 A - 4 scrolls of blinking
 J - a scroll of fog {unknown}
 L - a scroll of fear {unknown}
 M - a scroll of recharging {unknown}
 P - a scroll of acquirement {unknown}
Potions
 a - a potion of might {unknown}
 e - a potion of cancellation {unknown}
 h - 2 potions of heal wounds {unknown}
 k - 2 potions of mutation {unknown}
 v - 3 potions of brilliance {unknown}
 w - 2 potions of agility {unknown}
 z - 3 potions of curing
 B - a potion of berserk rage {unknown}
 E - 3 potions of lignification {unknown}
 F - a potion of invisibility {unknown}
Books
 b - a book of Flames

   Spells                             Type                      Level
   a - Flame Tongue                   Conjuration/Fire             1
   b - Throw Flame                    Conjuration/Fire             2
   c - Conjure Flame                  Conjuration/Fire             3
   d - Inner Flame                    Hexes/Fire                   3
   e - Sticky Flame                   Conjuration/Fire             4
   f - Fireball                       Conjuration/Fire             5
 u - a book of Clouds

   Spells                             Type                      Level
   a - Poisonous Vapours              Poison/Air                   2
   b - Mephitic Cloud                 Conjuration/Poison/Air       3
   c - Conjure Flame                  Conjuration/Fire             3
   d - Freezing Cloud                 Conjuration/Ice/Air          6
   e - Ring of Flames                 Charms/Fire                  7
Comestibles
 c - 7 bread rations
 m - 11 meat rations
 O - a royal jelly


   Skills:
 - Level 2.4 Dodging
 - Level 2.4 Stealth
 + Level 12.0 Spellcasting
 * Level 12.1 Conjurations
 - Level 10.5 Fire Magic


You had 21 spell levels left.
You knew the following spells:

 Your Spells              Type           Power        Failure   Level  Hunger
a - Flame Tongue          Conj/Fire      #####        1%          1    None
j - Sticky Flame          Conj/Fire      #######.     1%          4    None
k - Fireball              Conj/Fire      #######...   1%          5    ##.....
l - Conjure Flame         Conj/Fire      #######.     1%          3    None


Dungeon Overview and Level Annotations

Branches:
Dungeon (9/15)             Temple (1/1) D:6
   Lair: D:8-11         Orc: D:9-12

Altars:
Ashenzari
Cheibriados
Dithmenos
Elyvilon
Fedhas
Gozag
Hepliaklqana
Kikubaaqudgha
Makhleb
Nemelex Xobeh
Okawaru
Qazlal
Ru
Sif Muna
Trog
Uskayaw
Vehumet
Wu Jian
Xom
Yredelemnul
Zin
The Shining One

Shops:
D:4 ?

Annotations:
D:8 exclusion: orange crystal statue


Innate Abilities, Weirdness & Mutations

Scrolls take you longer to read.
You occasionally shout uncontrollably at your foes.


Message History

Okay, then.
A scorpion comes into view.
The two-headed ogre barely misses you.
The two-headed ogre hits you with a giant club!!
There is an open door, spattered with blood here.
Cast which spell? (? or * to list)
Aiming: Conjure Flame
Press: ? - help, Dir - move target cursor You feel a surge of power!
The fire ignites!
The two-headed ogre is engulfed in blazing flames.
There is an open door here.
Cast which spell? (? or * to list)
Aiming: Fireball
Press: ? - help, Shift-Dir - straight line You feel a surge of power!
The fireball explodes!
The fireball engulfs the two-headed ogre.
The two-headed ogre is moderately wounded.
The two-headed ogre hits you with a giant club!
The two-headed ogre hits you with a giant club.
You die...

##.###...###.%.# #.# ##.#
#.0.#).#.## ####.####
...###%%..##### #.......#
....########## #.##.##.#
####.# ####.## #.##.##.#
####.# ##.....## #.##.##.#
...#.###.......## #..#.##.#
...#.##.........####....##.#
(.....'.........@..........#
..>#.##........O####....####
.....###.......## ##.(##
##.### ##.....## ##.# #.#
##...## #.# #.# ##0## #.#
#.# ##o# #.# #.# ###..#####
#.# #.# #..#.....# #.#


You could see a two-headed ogre and an orc.

Vanquished Creatures
  Gastronok (D:8)
  2 two-headed ogres
  The ghost of vev the Sneak, a novice OpSu (D:6)
  Psyche (D:9)
  A hornet (D:8)
  6 yaks
  A hungry ghost (D:6)
  A steam dragon (D:8)
  2 orc warriors
  2 sky beasts
  A necrophage (D:9)
  2 phantoms (D:4)
  5 ogres
  A black bear (D:8)
  5 centaurs
  A big kobold (D:9)
  4 bullfrogs
  6 scorpions
  5 wights (D:8)
  2 bullfrog zombies
  3 crimson imps
  2 centaur zombies
  5 hounds
  An orc priest (D:3)
  4 jellies
  An orc wizard (D:8)
  2 bullfrog skeletons (D:3)
  4 iguanas
  4 worker ants
  A killer bee zombie (D:9)
  3 hound skeletons
  Robin (D:1)
  12 adders
  A howler monkey skeleton (D:5)
  4 river rats (D:4)
  4 shadow imps
  An ooze (D:6)
  An adder skeleton (D:9)
  A worm (D:2)
  2 dart slugs
  3 leopard geckos
  15 orcs
  2 giant cockroaches
  18 goblins
  12 hobgoblins
  10 jackals
  7 quokkas
  4 ball pythons
  5 bats
  3 frilled lizards
  A jackal zombie (D:6)
  12 kobolds
  2 leopard gecko skeletons
  A quokka zombie (D:5)
  22 rats
224 creatures vanquished.

Notes
Turn   | Place    | Note
-------+----------+-------------------------------------------
     0 | D:1      | Duffy the Deep Elf Fire Elementalist began the quest for the Orb.
     0 | D:1      | Reached XP level 1. HP: 10/10 MP: 6/6
   188 | D:1      | Reached XP level 2. HP: 15/15 MP: 6/8
  1095 | D:2      | Noticed Robin
  1130 | D:2      | Reached XP level 3. HP: 12/19 MP: 7/9
  1137 | D:1      | Learned a level 3 spell: Conjure Flame
  1438 | D:1      | Killed Robin
  1784 | D:2      | Reached XP level 4. HP: 24/24 MP: 7/12
  1790 | D:2      | Learned a level 4 spell: Sticky Flame
  2541 | D:3      | Reached skill level 5 in Spellcasting
  3048 | D:3      | Reached XP level 5. HP: 28/28 MP: 4/15
  3057 | D:2      | Learned a level 5 spell: Fireball
  4269 | D:4      | Noticed a phantom
  4277 | D:4      | Killed a phantom
  4277 | D:4      | Reached XP level 6. HP: 32/32 MP: 11/17
  4772 | D:4      | Reached skill level 5 in Fire Magic
  4776 | D:4      | Reached skill level 5 in Conjurations
  4776 | D:4      | Reached XP level 7. HP: 18/36 MP: 4/18
  5074 | D:4      | Found a white marble altar of Elyvilon.
  5199 | D:4      | Found Malodeodgh's Magic Scroll Shoppe.
  5207 | D:4      | Bought a scroll of identify for 24 gold pieces
  5207 | D:4      | Bought a scroll of identify for 24 gold pieces
  5497 | D:4      | Bought a scroll of blinking for 90 gold pieces
  5497 | D:4      | Bought a scroll of teleportation for 36 gold pieces
  5497 | D:4      | Bought a scroll of noise for 12 gold pieces
  5526 | D:5      | Entered Level 5 of the Dungeon
  5664 | D:5      | Got a translucent mace
  5665 | D:5      | Identified the +7 mace of Hithreg {pain, rC++ MR- MP+9 Int+4} (You found it on level 5 of the Dungeon)
  6061 | D:5      | Reached XP level 8. HP: 27/41 MP: 19/19
  6770 | D:6      | Noticed vev's ghost (novice OpSu)
  6995 | D:6      | Killed vev's ghost
  7725 | D:6      | Found a staircase to the Ecumenical Temple.
  7730 | Temple   | Entered the Ecumenical Temple
  7817 | Temple   | Became a worshipper of Vehumet
  7849 | D:6      | Found a sacrificial altar of Ru.
  8375 | D:6      | Reached XP level 9. HP: 42/45 MP: 19/20
  9084 | D:7      | Reached skill level 10 in Fire Magic
  9222 | D:7      | Reached skill level 10 in Conjurations
  9518 | D:7      | Reached * piety under Vehumet
  9518 | D:7      | Offered knowledge of Sting by Vehumet.
 10146 | D:8      | Noticed an orange crystal statue
 10338 | D:8      | Reached XP level 10. HP: 50/50 MP: 19/23
 10560 | D:8      | Noticed Gastronok
 10592 | D:8      | Killed Gastronok
 11280 | D:8      | Noticed a two-headed ogre
 11284 | D:8      | Killed a two-headed ogre
 11284 | D:8      | Reached skill level 10 in Spellcasting
 11411 | D:9      | Noticed Psyche
 11414 | D:9      | Killed Psyche
 11551 | D:9      | Gained mutation: Scrolls take you a little longer to read. [mutagenic meat]
 11552 | D:9      | Gained mutation: You occasionally shout uncontrollably at your foes. [mutagenic meat]
 11554 | D:9      | Gained mutation: Scrolls take you longer to read. [mutagenic meat]
 11562 | D:9      | Noticed a two-headed ogre
 11686 | D:9      | Got a scorched flail {flame}
 11687 | D:9      | Identified the +1 flail "Gis Gyi" {flame, Fragile rF+ Int+5} (You took it off a kobold on level 9 of the Dungeon)
 11775 | D:9      | Noticed a two-headed ogre
 11777 | D:9      | Killed a two-headed ogre
 11777 | D:9      | Reached XP level 11. HP: 54/54 MP: 20/28
 11853 | D:9      | Reached ** piety under Vehumet
 11853 | D:9      | Offered knowledge of Freeze by Vehumet.
 11994 | D:8      | Noticed a two-headed ogre
 12086 | D:8      | HP: 2/54 [two-headed ogre/giant club (14)]
 12086 | D:8      | Slain by a two-headed ogre

Vault maps used:
D:1:      evilmike_arrival_crescent
D:2:      serial_forest, infiniplex_forest_clump_curved,
          infiniplex_forest_clump_curved, infiniplex_forest_straight_4,
          infiniplex_forest_clump_diagonal, infiniplex_forest_end_2,
          infiniplex_forest_pool, uniq_robin
D:3:      first_bread
D:4:      lemuel_doored_altar, serial_shops, shop, grunt_decor_arrowhead,
          dk_rats_in_the_wall
D:5:      hangedman_decor_growths
D:6:      minmay_temple_entry_nine_rooms, nicolae_ru_the_path_less_chosen
D:8:      minmay_separated_statues, roderic_filled_cross, grunt_ogre_cave,
          uniq_gastronok
D:9:      uniq_psyche
Temple:   grunt_wide_crystal_templ

Skill      XL: |  1  2  3  4  5  6  7  8  9 10 11 |
---------------+----------------------------------+-----
Conjurations   | 2 3 4 5 6 8 10 12 | 12.1
Spellcasting   | 4 5 6 7 11 12 | 12.0
Fire Magic     | 4 5 6 8 10 | 10.5
Dodging        | |  2.4
Stealth        | |  2.4

Action                   |  1- 3 |  4- 6 |  7- 9 | 10-12 || total
-------------------------+-------+-------+-------+-------++-------
Melee: Mace              |       |       |    18 |    21 ||    39
 Cast: Flame Tongue      |    67 |   136 |   176 |    52 ||   431
       Conjure Flame     |     1 |     1 |    16 |     4 ||    22
       Sticky Flame      |       |     4 |    14 |     6 ||    24
       Fireball          |       |       |    15 |    30 ||    45
  Eat: Chunk             |     3 |     9 |    18 |    11 ||    41
       Royal jelly       |       |       |     2 |       ||     2
       Fruit             |       |       |       |     2 ||     2
Armor: Robe              |     8 |       |       |       ||     8
       Animal skin       |     2 |     8 |    11 |       ||    21
       Steam dragon scal |       |       |       |    11 ||    11
Dodge: Dodged            |    27 |    32 |    49 |    45 ||   153
